 Dungeon Crawl Stone Soup version 0.32-a0-391-gce5c0aab1b (webtiles) character file.

Game seed: 17283543257952321074

142 Goblin1989 the Poker (level 5, -1/38 HPs)
             Began as a Coglin Gladiator on Feb 19, 2024.
             Slain by a hound (4 damage)
             ... on level 5 of the Dungeon.
             The game lasted 00:04:17 (1571 turns).

Goblin1989 the Poker (Coglin Gladiator)             Turns: 1571, Time: 00:04:17

Health: -1/38      AC:  6    Str: 17    XL:     5   Next: 24%
Magic:  5/5        EV: 11    Int:  7    God:
Gold:   80         SH:  0    Dex: 15    Spells: 4/4 levels left

rFire   . . .        a - +0 trident {Mettia}
rCold   . . .        (no shield)
rNeg    . . .        m - +0 ring mail
rPois   .            c - +0 helmet
rElec   .            (no cloak)
rCorr   .            (no gloves)
SInv    .            (no boots)
Will    +....        (no amulet)
Stlth   +            g - ring of willpower
HPRegen 0.26/turn    (no ring)
MPRegen 0.09/turn

%: no passive effects
@: revved, stiff-legged, very slow
A: off-hand wielding, slow wielding, warmup strikes, warmup strides
a: Convert to Beogh


You were on level 5 of the Dungeon.
You visited 1 branch of the dungeon, and saw 4 of its levels.

You collected 80 gold pieces.

Inventory:

Hand Weapons
 a - a +0 trident (weapon) {Mettia}
Missiles
 d - 3 throwing nets (quivered) {!d , @Q1}
 e - a javelin
 k - 5 curare-tipped darts
Armour
 b - a +0 leather armour
 c - a +0 helmet (worn)
 m - a +0 ring mail (worn)
Jewellery
 g - a ring of willpower (left grasper)
Scrolls
 f - a scroll of enchant weapon {unknown}
 j - a scroll of teleportation {unknown}
 l - a scroll of identify {unknown}
Potions
 h - 2 potions of might {unknown}
 i - 2 potions of curing {unknown}


   Skills:
 - Level 2.0 Fighting
 + Level 5.2 Polearms
 - Level 1.7 Throwing
 - Level 2.6 Dodging


You had 4 spell levels left.
You didn't know any spells.
Your spell library contained the following spells:

 Spells                   Type           Power      Damage    Failure   Level
 Slow                     Hex            0%         N/A       65%         1
 Confusing Touch          Hex            0%         N/A       95%         3
 Sigil of Binding         Hex            0%         N/A       95%         3
 Vampiric Draining        Necr           0%         2d6       95%         3


Dungeon Overview and Level Annotations

Branches:
Dungeon (3/15) Zot: 22328

Altars:
Uskayaw


Innate Abilities, Weirdness & Mutations

You can wield a second weapon in your off-hand.
It takes a long time for you to wield or remove held weapons.
Your first few attacks do less damage.
Your first movements take longer.


Message History

The orc wizard hits you but does no damage.
You miss the orc wizard. The orc wizard misses you.
The orc hits you but does no damage.
You hit the orc wizard.
The orc wizard is lightly wounded.
The orc closely misses you. The orc wizard closely misses you.
You puncture the orc wizard!
The orc wizard is severely wounded.
The orc wizard hits you but does no damage.
The orc hits you but does no damage.
You barely miss the orc wizard.
The orc wizard is severely wounded.
The orc closely misses you. The orc wizard barely misses you.
You hit the orc wizard.
The orc wizard is almost dead.
The orc wizard closely misses you. The orc barely misses you.
You hit the orc wizard but do no damage.
The orc wizard is almost dead.
The orc wizard gestures at you while chanting.
The magic dart hits you. The orc misses you.
You closely miss the orc wizard.
The orc wizard is almost dead.
The orc wizard hits you but does no damage.
The orc closely misses you.
You take 5 damage, and have 28/33 hp.
You completely miss the orc wizard.
The orc wizard is almost dead.
The orc wizard hits you but does no damage.
The orc hits you but does no damage.
You hit the orc wizard.
You kill the orc wizard!
The orc closely misses you. The orc misses you.
Your Polearms skill increases to level 5!
You closely miss the orc. The orc barely misses you.
You puncture the orc!
You kill the orc!
No target in view!
No target in view!
No target in view!
No target in view!
No target in view!
No target in view!
No target in view!
No target in view!
No target in view!
No target in view!
No target in view!
No target in view!
No target in view!
No target in view!
No target in view!
No target in view!
No target in view!
No target in view!
An orc priest comes into view. It is wielding a +0 short sword.
The orc priest shouts!
You hear a shout!
You hear a bark!
An orc priest comes into view. It is wielding a +0 flail.
The orc priest barely misses you.
Things that are here:
a +0 dagger; a +0 leather armour; an orc corpse You puncture the orc priest!
The orc priest is severely wounded.
The orc priest barely misses you.
You puncture the orc priest!
You kill the orc priest!
You have reached level 5!
You regained 5 hp, and now have 35/38 hp.
MP restored: 5 Unknown command.
You barely miss the orc priest.
A hound comes into view.
The orc priest barely misses you.
The hound barks!
You hit the orc priest but do no damage.
The orc priest hits you with a +0 flail.
You take 6 damage, and have 29/38 hp.
You hit the orc priest but do no damage.
The hound bites you.
The orc priest hits you with a +0 flail!
The orc priest shouts, "Beogh offers mercy even to people such as you.
Join us and be reborn!" (press Y on the ability menu to convert to Beogh)
You take 9 damage, and have 20/38 hp.
MASSIVE DAMAGE!!
You closely miss the orc priest. The hound closely misses you.
The orc priest mumbles some strange prayers to Beogh against you.
Beogh smites you!
* * * LOW HITPOINT WARNING * * *
You take 14 damage, and have 6/38 hp.
MASSIVE DAMAGE!!
You barely miss the orc priest. The hound bites you but does no damage.
The hound bites you.
* * * LOW HITPOINT WARNING * * *
The orc priest barely misses you.
You take 4 damage, and have 2/38 hp.
You barely miss the orc priest. The hound misses you.
The orc priest hits you but does no damage.
You completely miss the orc priest. The hound misses you.
The hound bites you but does no damage. The orc priest barely misses you.
You barely miss the orc priest.
The orc priest shouts, "Surrender to Beogh and we'll let you live!"
The hound bites you.
You die...

..█ ███████.████
..█.......█
█.█.......█ .. █
████.█..█.█..██.█
█.█...............
█.█.██.█..........
█..)h..█..█.█..█
███@████.......█


█o█ ██......█ ... ████†████ ██.██ █.......█ █.█ █.......█ █.. █.......█ ██.
█.......█ . █.......█ █.......█ You could see a hound and an orc priest.

Vanquished Creatures
  An orc priest (D:5)
  An orc wizard (D:5)
  An adder (D:5)
  2 dart slugs
  An orc (D:5)
  5 bats
  4 endoplasms
  2 giant cockroaches
  3 goblins (D:2)
  4 hobgoblins
  A quokka (D:1)
  8 ball pythons
  2 frilled lizards
  3 kobolds (D:1)
  7 rats
45 creatures vanquished.

Notes
Turn   | Place    | Note
-------+----------+-------------------------------------------
     0 | D:1      | Goblin1989 the Coglin Gladiator began the quest for the
                  | Orb.
     0 | D:1      | Reached XP level 1. HP: 16/16 MP: 1/1
    89 | D:1      | Reached skill level 3 in Polearms
    95 | D:1      | Reached XP level 2. HP: 22/22 MP: 2/2
   413 | D:1      | Reached XP level 3. HP: 14/27 MP: 3/3
   607 | D:1      | Found a faded altar of an unknown god.
   855 | D:2      | Found a hide-covered altar of Uskayaw.
   864 | D:2      | Reached skill level 4 in Polearms
  1159 | D:2      | Reached XP level 4. HP: 33/33 MP: 4/4
  1498 | D:3      | You fall into a shaft and drop 2 floors!
  1498 | D:5      | Entered Level 5 of the Dungeon
  1559 | D:5      | Reached skill level 5 in Polearms
  1564 | D:5      | Reached XP level 5. HP: 35/38 MP: 5/5
  1571 | D:5      | Slain by a hound

Illustrated notes

Levels and vault maps discovered:
D:1:      dpeg_arrival_brainrot, layout_basic, serial_rivers,
          chequers_serial_rivers_marsh, chequers_serial_rivers_large_b,
          chequers_serial_rivers_micro_c, chequers_serial_rivers_marsh,
          chequers_serial_rivers_marsh, ebering_ecumenical_altar_rust
D:2:      layout_rooms, basic_altar, grunt_ministairs_11,
          hangedman_feature_mirror, minmay_misc_feat_nine_boxes
D:3:      mumra_celtic_spiral_tile, layout_basic
D:5:      layout_loops_cross, nicolae_shop_vocational

Skill      XL: |  1  2  3  4 |
---------------+-------------+-----
Polearms       | 3 4 5 |  5.2
Fighting       | |  2.0
Throwing       | |  1.7
Dodging        | |  2.6

Action                     |  1- 3 |  4- 6 || total
---------------------------+-------+-------++-------
  Melee: Trident           |   110 |    48 ||   158
   Stab: Sleeping          |       |     1 ||     1
 Armour: Leather armour    |    48 |    11 ||    59
         Ring mail         |       |    22 ||    22
  Dodge: Dodged            |    52 |    27 ||    79

Table legend: (Time is in decaauts)
 A = Elapsed time spent in this place.
 B = Non-inter-level travel time spent in this place.
 C = Inter-level travel time spent in this place.
 D = Time resting spent in this place.
 E = Time spent auto-exploring this place.
 F = Levels seen in this place.
 G = Mean time per level.
                   A        B        C        D        E       F      G
               +--------+--------+--------+--------+--------+-----+--------+
         Total |   1670 |   1557 |    113 |     67 |   1146 |   4 |  417.5 |
       Dungeon |   1670 |   1557 |    113 |     67 |   1146 |   4 |  417.5 |
               +--------+--------+--------+--------+--------+-----+--------+

Top non-repeatable levels by time:
     D:1: 975 daAuts
     D:2: 553 daAuts
     D:5: 77 daAuts
     D:3: 63 daAuts
